 Dungeon Crawl Stone Soup version 0.30-a0-830-gfe289a77b0 (webtiles) character file.

Game seed: 12067053421015943959

51 Ghostmaker01 the Vexing (level 3, -2/18 HPs)
             Began as a Spriggan Hexslinger on Feb 28, 2023.
             Killed from afar by an orc wizard (9 damage)
             ... with a magic dart
             ... on level 2 of the Dungeon.
             The game lasted 00:07:14 (1651 turns).

Ghostmaker01 the Vexing (Spriggan Hexslinger)       Turns: 1651, Time: 00:07:14

Health: -2/18      AC:  3    Str:  6    XL:     3   Next: 58%
Magic:  7/7        EV: 18    Int: 14    God:
Gold:   160        SH:  0    Dex: 19    Spells: 5/6 levels left

rFire   + . .      SeeInvis +    a - +1 sling
rCold   . . .      Faith    .    (no shield)
rNeg    + . .      Spirit   .    m - +1 robe of Vemif {rPois rF+ rN+ Dex+2}
rPois   +          Reflect  .    (helmet restricted)
rElec   .          Harm     .    (no cloak)
rCorr   .          Rampage  .    (gloves unavailable)
Will    .....                    (boots unavailable)
Stlth   ++                       (no amulet)
HPRegen 0.23/turn                (no ring)
MPRegen 0.10/turn                (no ring)

@: very quick
A: very small, no large weapons, unfitting armour, see invisible, speed 3
a: no special abilities


You were on level 2 of the Dungeon.
You visited 1 branch of the dungeon, and saw 2 of its levels.

You collected 160 gold pieces.

Inventory:

Hand Weapons
 a - a +1 sling (weapon)
 t - a +3 mace
Missiles
 k - 4 atropa-tipped darts
Armour
 c - a +0 robe
 m - the +1 robe of Vemif (worn) {rPois rF+ rN+ Dex+2}
   (You found it on level 2 of the Dungeon)

   Dex:       It affects your dexterity (+2).
   rF:        It protects you from fire.
   rPois:     It protects you from poison.
   rN:        It protects you from negative energy.
Magical Staves
 f - a staff of fire
Scrolls
 b - a scroll of poison
 d - 3 scrolls of teleportation {unknown}
 e - 2 scrolls of fear
 g - a scroll of enchant weapon {unknown}
 h - 3 scrolls of identify {unknown}
 q - a scroll of amnesia {unknown}
Potions
 i - a potion of attraction {unknown}
 j - a potion of might {unknown}
 l - 2 potions of curing {unknown}
 o - a potion of brilliance {unknown}
 p - a potion of heal wounds {unknown}
 r - a potion of degeneration {unknown}
 s - a potion of mutation {unknown}


   Skills:
 + Level 1.1 Fighting
 + Level 2.7 Ranged Weapons
 + Level 3.1 Dodging
 + Level 0.5 Stealth
 + Level 2.1 Spellcasting
 + Level 4.3 Hexes


You had 5 spell levels left.
You knew the following spells:

 Your Spells              Type           Power      Damage    Failure   Level
a - Slow                  Hex            52%        N/A       4%          1

Your spell library contained the following spells:

 Spells                   Type           Power      Damage    Failure   Level
 Inner Flame              Hex/Fire       7%         N/A       28%         3
 Portal Projectile        Hex/Tloc       14%        N/A       28%         3
 Cause Fear               Hex            6%         N/A       36%         4


Dungeon Overview and Level Annotations

Branches:
Dungeon (2/15)

Altars:


Innate Abilities, Weirdness & Mutations

You are very small and have problems with some larger weapons.
You are too small for most types of armour.
You have supernaturally acute eyesight. (SInv)
You cover ground extremely quickly. (Speed+++)


Message History

An orc wizard is nearby!
An orc wizard is nearby!
Fire: a) +1 sling
Press: ? - help, Q - select action, (/) - cycle Shift-Dir - straight line, f/p - orc wizard
Aim: an orc wizard, wielding a +0 dagger and wearing a +0 robe (slightly transparent, 53% to hit)
You shoot a sling bullet. The sling bullet hits the orc wizard.
Your attack snaps the orc wizard out of its fear.
The orc wizard is moderately wounded.
Unknown command.
Fire: a) +1 sling
Press: ? - help, Q - select action, (/) - cycle Shift-Dir - straight line, f/p - orc wizard
Aim: an orc wizard, wielding a +0 dagger and wearing a +0 robe (moderately wounded, slightly transparent, 53% to hit)
You shoot a sling bullet. The sling bullet hits the orc wizard!
The orc wizard is almost dead.
The orc wizard hits you with a +0 dagger.
Unknown command.
Fire: a) +1 sling
Press: ? - help, Q - select action, (/) - cycle Shift-Dir - straight line, f/p - orc wizard
Aim: an orc wizard, wielding a +0 dagger and wearing a +0 robe (almost dead, slightly transparent, 53% to hit)
You shoot a sling bullet.
The sling bullet completely misses the orc wizard.
The orc wizard barely misses you.
Unknown command.
Fire: a) +1 sling
Press: ? - help, Q - select action, (/) - cycle Shift-Dir - straight line, f/p - orc wizard
Aim: an orc wizard, wielding a +0 dagger and wearing a +0 robe (almost dead, slightly transparent, 53% to hit)
You shoot a sling bullet.
The sling bullet closely misses the orc wizard.
The orc wizard barely misses you.
Unknown command.
Fire: a) +1 sling
Press: ? - help, Q - select action, (/) - cycle Shift-Dir - straight line, f/p - orc wizard
Aim: an orc wizard, wielding a +0 dagger and wearing a +0 robe (almost dead, slightly transparent, 53% to hit)
You shoot a sling bullet.
The sling bullet hits the orc wizard but does no damage.
The orc wizard is almost dead.
The orc wizard points at you and mumbles some strange words.
The magic dart hits you!
Ouch! That really hurt!
You die...

#.......# #.#
#.......# #.#
#...)...#####.#
#..........##.#
##########.#..#
#.#.## #.#.#
.....
#.#.###....
#@o..#g...
####.#... #.#oo
#)#.# #)#.#
#.o.# #####


You could see an orc wizard (invisible).

Vanquished Creatures
  An adder (D:2)
  A worm (D:2)
  2 dart slugs
  2 orcs (D:2)
  4 bats
  3 endoplasms
  2 giant cockroaches (D:1)
  3 goblins
  3 hobgoblins
  2 quokkas
  A ball python (D:1)
  2 frilled lizards (D:1)
  2 kobolds (D:1)
  3 rats
31 creatures vanquished.

Notes
Turn   | Place    | Note
-------+----------+-------------------------------------------
     0 | D:1      | Ghostmaker01 the Spriggan Hexslinger began the quest for
                  | the Orb.
     0 | D:1      | Reached XP level 1. HP: 9/9 MP: 3/3
   284 | D:1      | Reached skill level 4 in Hexes
   288 | D:1      | Reached XP level 2. HP: 13/14 MP: 1/5
   914 | D:1      | Reached skill level 1 in Fighting
  1260 | D:2      | Reached XP level 3. HP: 18/18 MP: 5/7
  1266 | D:2      | Identified the +1 robe of Vemif {rPois rF+ rN+ Dex+2}
  1651 | D:2      | Killed from afar by an orc wizard

Illustrated notes

Levels and vault maps discovered:
D:1:      dpeg_arrival_chambers_temple_mockup, layout_loops_corners,
          minmay_pentomino_r2
D:2:      layout_basic

Skill      XL: |  1  2 |
---------------+-------+-----
Hexes          | 4 |  4.3
Dodging        | 3 |  3.1
Fighting       | 1 |  1.1
Spellcasting   | 2 |  2.1
Ranged Weapons | |  2.7
Stealth        | |  0.5

Action                     || total
---------------------------++-------
   Fire: Sling             ||   115
  Throw: Dart              ||     1
   Cast: Slow              ||    33
    Use: Scroll            ||     2
         Potion            ||     1
 Armour: Robe              ||     9
  Dodge: Dodged            ||    35

Table legend: (Time is in decaauts)
 A = Elapsed time spent in this place.
 B = Non-inter-level travel time spent in this place.
 C = Inter-level travel time spent in this place.
 D = Time resting spent in this place.
 E = Time spent auto-exploring this place.
 F = Levels seen in this place.
 G = Mean time per level.
                   A        B        C        D        E       F      G
               +--------+--------+--------+--------+--------+-----+--------+
         Total |   1190 |   1109 |     81 |     16 |    738 |   2 |  595.0 |
       Dungeon |   1190 |   1109 |     81 |     16 |    738 |   2 |  595.0 |
               +--------+--------+--------+--------+--------+-----+--------+

Top non-repeatable levels by time:
     D:1: 828 daAuts
     D:2: 362 daAuts
